 Dungeon Crawl Stone Soup version 0.22.0-49-gab54619 (webtiles) character file.

725 Folque the Chopper (level 7, -2/61 HPs)
             Began as a Hill Orc Monk on Sept 8, 2018.
             Was a Priest of Zin.
             Slain by a hound (4 damage)
             ... on level 5 of the Dungeon.
             The game lasted 00:21:49 (5322 turns).

Folque the Chopper (Hill Orc Monk)                  Turns: 5322, Time: 00:21:50

Health: -2/61      AC: 10    Str: 16    XL:     7   Next: 72%
Magic:  7/8        EV:  8    Int: 11    God:    Zin [***...]
Gold:   175        SH:  0    Dex: 15    Spells: 6/6 levels left

rFire    . . .     SeeInvis .   a - +0 hand axe
rCold    . . .     Gourm    .   (no shield)
rNeg     . . .     Faith    .   i - +0 chain mail
rPois    ∞         Spirit   .   (no helmet)
rElec    .         Reflect  .   (no cloak)
rCorr    .         Harm     .   A - +0 pair of gloves
MR       .....                  (no boots)
Stlth    ..........             (no amulet)
HPRegen  0.20/turn              (no ring)
MPRegen  0.11/turn              (no ring)

@: vitalised, reciting, hasted, very quick
A: no striking features
a: Recite, Vitalisation, Imprison, Donate Gold, Renounce Religion


You were on level 5 of the Dungeon.
You worshipped Zin.
Zin was most pleased with you.
You were near starving.

You visited 2 branches of the dungeon, and saw 6 of its levels.

You collected 194 gold pieces.
You donated 19 gold pieces to Zin.

Inventory:

Hand Weapons
 a - a +0 hand axe (weapon)
 h - a +3 short sword
 s - a +0 trident
 t - a +0 halberd
 y - a +1 dagger of holy wrath
 z - a cursed -2 hunting sling
Missiles
 g - 61 sling bullets (quivered)
Armour
 b - a +0 robe
 i - a +0 chain mail (worn)
 k - a +0 leather armour
 p - a +0 ring mail
 A - a +0 pair of gloves (worn)
Jewellery
 d - an uncursed ring of wizardry
 r - an uncursed amulet of faith {unknown}
 C - an uncursed ring of wizardry
Wands
 l - a wand of iceblast (8)
 u - a wand of scattershot (1)
Scrolls
 j - 3 scrolls of identify
 m - 3 scrolls of teleportation
 n - a scroll of amnesia
 w - a scroll of enchant armour {unknown}
 x - a scroll of blinking {unknown}
 B - 2 scrolls of remove curse
Potions
 e - 2 potions of lignification
 f - a potion of haste
 o - 2 potions of degeneration
Comestibles
 c - 10 rations
 q - 12 chunks of flesh


   Skills:
 - Level 5.0 Fighting
 + Level 7.1(7.2) Axes
 - Level 1.3(3.9) Polearms
 - Level 2.3 Throwing
 * Level 4.5 Armour
 - Level 3.0 Dodging
 - Level 1.5 Stealth
 * Level 2.2 Invocations


You had 6 spell levels left.
You didn't know any spells.
Your spell library was empty.

Dungeon Overview and Level Annotations

Branches:
Dungeon (5/15)             Temple (1/1) D:5

Altars:
Ashenzari
Cheibriados
Dithmenos
Elyvilon
Fedhas
Gozag
Kikubaaqudgha
Makhleb
Nemelex Xobeh
Qazlal
Ru
Trog
Uskayaw
Vehumet
Wu Jian
Xom
Yredelemnul
Zin

Shops:
D:5 }


Message History

The centaur wields a shortbow.
The centaur shoots an arrow.
The arrow hits you!
* * * LOW HITPOINT WARNING * * *
The giant cockroach barely misses you.
You see here an arrow.
You clear your throat and prepare to recite.
The centaur shoots an arrow.
The arrow hits you.
* * * LOW HITPOINT WARNING * * *
Aiming: Iceblast
Press: ? - help, Shift-Dir - straight line, f - hound zombie
Aim: a hound zombie The mass of ice explodes!
The iceblast engulfs the hound zombie.
The hound zombie partially resists.
The hound zombie is heavily damaged.
The iceblast engulfs the giant cockroach.
You kill the giant cockroach! "Zin saw the sacrilege of the legions of the damned, and..."
The hound bites you but does no damage.
The centaur shoots an arrow.
The arrow hits you but does no damage. The hound bites you.
You die...

####
#..################ #
#...o.ha.Z(@....... .
#h.#####=.ha......#
#..hh.h...........+
####.a.####........c.#
#..h.h.# #..........#
#......# #..........#
#...o..#
#..........#...#
#...†..#
############...#
#..†...# #...#


You could see a centaur, a howler monkey, a hound, 2 worker ants, an orc, a
hound zombie and 2 jackals.

Vanquished Creatures
  A centaur (D:5)
  A scorpion (D:4)
  2 orc priests
  A hound (D:5)
  A centaur skeleton (D:5)
  An iguana (D:4)
  3 orc wizards
  5 worker ants
  Ijyb (D:5)
  A howler monkey skeleton (D:3)
  3 gnolls (D:3)
  7 adders
  An ooze (D:2)
  6 worms
  2 dart slugs
  7 leopard geckos
  13 orcs
  A ball python (D:5)
  7 bats
  6 giant cockroaches
  8 goblins
  5 hobgoblins
  5 jackals (D:5)
  12 kobolds
  4 frilled lizards
  8 rats
112 creatures vanquished.

Notes
Turn   | Place    | Note
-------+----------+-------------------------------------------
     0 | D:1      | Folque the Hill Orc Monk began the quest for the Orb.
     0 | D:1      | Reached XP level 1. HP: 19/19 MP: 1/1
   154 | D:1      | Reached XP level 2. HP: 23/27 MP: 2/2
   480 | D:1      | Reached XP level 3. HP: 23/33 MP: 3/3
  1773 | D:2      | Reached XP level 4. HP: 36/41 MP: 4/4
  2038 | D:2      | Reached skill level 5 in Axes
  2847 | D:3      | Reached skill level 5 in Fighting
  2847 | D:3      | Reached skill level 1 in Armour
  3123 | D:3      | Reached XP level 5. HP: 46/48 MP: 5/5
  3317 | D:3      | Reached skill level 1 in Throwing
  3632 | D:4      | Reached skill level 1 in Polearms
  3632 | D:4      | Reached XP level 6. HP: 26/56 MP: 6/6
  4008 | D:4      | Reached skill level 6 in Axes
  4683 | D:4      | Reached XP level 7. HP: 55/61 MP: 7/7
  4875 | D:5      | Entered Level 5 of the Dungeon
  4884 | D:5      | Found Neeshaer's Gadget Boutique.
  4929 | D:5      | Found a staircase to the Ecumenical Temple.
  4958 | Temple   | Entered the Ecumenical Temple
  5059 | Temple   | Became a worshipper of Zin the Law-Giver
  5059 | Temple   | Reached * piety under Zin
  5059 | Temple   | Reached ** piety under Zin
  5168 | D:5      | Noticed Ijyb
  5181 | D:5      | Reached skill level 1 in Invocations
  5218 | D:5      | Killed Ijyb
  5218 | D:5      | Reached skill level 7 in Axes
  5243 | D:5      | Reached *** piety under Zin
  5320 | D:5      | HP: 2/61 [centaur/arrow (2)]
  5322 | D:5      | Slain by a hound

Skill      XL: |  1  2  3  4  5  6  7 |
---------------+----------------------+-----
Fighting       | 4 5 |  5.0
Dodging        | 3 |  3.0
Axes           | 5 6 7 |  7.1
Armour         | 1 2 3 4 |  4.5
Throwing       | 1 2 |  2.3
Polearms       | 1 |  1.3
Invocations    | 2 |  2.2
Stealth        | |  1.5

Action                   |  1- 3 |  4- 6 |  7- 9 || total
-------------------------+-------+-------+-------++-------
Melee: Hand axe          |   108 |   271 |    88 ||   467
       Halberd           |       |    11 |       ||    11
       Dagger            |       |     5 |       ||     5
Invok: Recite            |       |       |     5 ||     5
       Vitalisation      |       |       |     2 ||     2
Evoke: Wand              |       |       |     4 ||     4
  Use: Scroll            |     5 |     5 |     3 ||    13
       Potion            |       |     1 |     4 ||     5
 Stab: Sleeping          |     3 |       |       ||     3
  Eat: Chunk             |     2 |    10 |     1 ||    13
Armor: Robe              |     6 |     1 |       ||     7
       Ring mail         |       |    12 |       ||    12
       Leather armour    |       |     5 |       ||     5
       Chain mail        |       |    87 |    66 ||   153
Dodge: Dodged            |    62 |   136 |    40 ||   238
